 Dungeon Crawl Stone Soup version 0.18.1-51-gd549091e01 (console) character file.

1180 recei the Nimble (level 8, -2/61 HPs)
             Began as a Merfolk Gladiator on Feb 7, 2021.
             Was a Believer of Trog.
             Slain by a black bear (3 damage)
             ... on level 6 of the Dungeon.
             The game lasted 00:25:30 (4924 turns).

recei the Nimble (Merfolk Gladiator)                Turns: 4924, Time: 00:25:30

Health: -2/61      AC:  6    Str: 24    XL:     8   Next: 42%
Magic:  8/8        EV: 17    Int:  8    God:    Trog [**....]
Gold:   214        SH:  0    Dex: 15    Spells: 0 memorised, 7 levels left

rFire  . . .     SeeInvis .     a - +3 long sword
rCold  . . .     Gourm    +     b - +1 leather armour
rNeg   . . .     Faith    .     (no shield)
rPois  .         Spirit   .     j - +0 helmet
rElec  .         Dismiss  .     i - +0 cloak
rCorr  .         Reflect  .     (no gloves)
SustAt .         Harm     .     (no boots)
MR     .....                    o - amulet of the gourmand
Stlth  +++.......               (no ring)
                                k - +3 ring of strength

@: mighty, drained, not resistant to hostile enchantments, fairly stealthy
A: change form in water, swift swim
a: Berserk, Trog's Hand, Burn Spellbooks, Renounce Religion


You were on level 6 of the Dungeon.
You worshipped Trog.
Trog was pleased with you.
You were not hungry.

You visited 1 branch of the dungeon, and saw 6 of its levels.

You collected 214 gold pieces.

Inventory:

Hand Weapons
 a - a +3 long sword (weapon)
Armour
 b - a +1 leather armour (worn)
 i - a +0 cloak (worn)
 j - a +0 helmet (worn)
Jewellery
 c - an uncursed amulet of dismissal
 k - a +3 ring of strength (left hand)
 o - an amulet of the gourmand (around neck)
Wands
 m - a wand of random effects (41/48)
Scrolls
 e - a scroll of identify
 g - 2 scrolls of remove curse
 h - 3 scrolls of blinking
 q - a scroll of enchant armour
 s - a scroll of immolation {unknown}
Potions
 d - a potion of agility {unknown}
 f - a potion of curing {unknown}
 n - a potion of lignification {unknown}
 p - a potion of degeneration {unknown}
Comestibles
 t - a bread ration


   Skills:
 + Level 4.5(3.9) Fighting
 + Level 6.3(5.8) Long Blades
 - Level 2.0(1.5) Throwing
 + Level 8.7(8.1) Dodging
 * Level 5.4(4.8) Stealth


You had 7 spell levels left.
You didn't know any spells.

Dungeon Overview and Level Annotations

Branches:
Dungeon (6/15)             Temple (0/1) D:4

Altars:
Ashenzari
Fedhas
Kikubaaqudgha
Trog
Xom
Yredelemnul
The Shining One


Message History

The black bear barely misses you. The black bear closely misses you.
The black bear misses you.
The wight hits you with an enchanted war axe.
* * * LOW HITPOINT WARNING * * *
You feel drained.
Drink which item? (? for menu, Esc to quit)
You feel very mighty all of a sudden. The black bear barely misses you.
The black bear closely misses you. The black bear misses you.
The wight hits you with an enchanted war axe!
* * * LOW HITPOINT WARNING * * *
You slice the wight!!
You destroy the wight!
The black bear bites you.
* * * LOW HITPOINT WARNING * * *
The black bear closely misses you.
The black bear claws you but does no damage.
The black bear bites you but does no damage.
The black bear misses you. The black bear claws you.
You die...

#.#.#..# #
#.#.####.
#........
#......#.
#.#..#.#
###.#.## #
#...#..
#...##########
#...#......@:#
#...#.######h#
#...#.# ....
#.....#
#......
#...###
#......# #####
##.##### #.#
#.#


You could see a black bear.

Vanquished Creatures
  A hippogriff (D:5)
  Menkaure (D:6)
  A sky beast (D:5)
  2 ogres
  3 wights (D:6)
  Crazy Yiuf (D:4)
  2 hounds
  An orc priest (D:4)
  Terence (D:3)
  An iguana (D:5)
  Ijyb (D:3)
  Natasha (thrice) (D:3)
  A hound zombie (D:6)
  Robin (D:4)
  10 adders
  A howler monkey skeleton (D:5)
  A worm (D:3)
  2 dart slugs
  10 giant geckos
  6 orcs
  3 giant cockroaches
  13 goblins
  10 hobgoblins
  9 jackals
  A quokka (D:2)
  2 ball pythons
  8 bats
  9 giant newts
  8 kobolds
  9 rats
  2 fungi (D:4)
124 creatures vanquished.

Vanquished Creatures (collateral kills)
  An ice beast (D:6)
1 creature vanquished.

Vanquished Creatures (others)
  A plant (D:5)
1 creature vanquished.

Grand Total: 126 creatures vanquished

Notes
Turn   | Place    | Note
--------------------------------------------------------------
     0 | D:1      | recei the Merfolk Gladiator began the quest for the Orb.
     0 | D:1      | Reached XP level 1. HP: 16/16 MP: 1/1
   495 | D:1      | Reached XP level 2. HP: 22/22 MP: 2/2
   824 | D:1      | Reached skill level 1 in Stealth
  1067 | D:2      | Reached skill level 5 in Dodging
  1067 | D:2      | Reached XP level 3. HP: 23/27 MP: 3/3
  1215 | D:2      | Found a bloodstained altar of Trog.
  1260 | D:2      | Became a worshipper of Trog the Wrathful
  1306 | D:2      | Reached XP level 4. HP: 25/33 MP: 4/4
  1311 | D:2      | Found a basalt altar of Yredelemnul.
  1316 | D:2      | Noticed a profane servitor
  1331 | D:2      | Found a glowing golden altar of the Shining One.
  1333 | D:2      | Noticed an angel
  1511 | D:2      | Found an ancient bone altar of Kikubaaqudgha.
  1519 | D:2      | Found a blossoming altar of Fedhas.
  2029 | D:3      | Noticed Natasha
  2044 | D:3      | Killed Natasha
  2044 | D:3      | Reached XP level 5. HP: 24/39 MP: 5/5
  2124 | D:3      | Reached * piety under Trog
  2196 | D:3      | Noticed Natasha
  2219 | D:3      | Killed Natasha
  2408 | D:3      | Noticed Ijyb
  2433 | D:3      | Killed Ijyb
  2433 | D:3      | Reached skill level 6 in Dodging
  2515 | D:3      | Noticed Terence
  2527 | D:3      | Killed Terence
  2922 | D:3      | Reached XP level 6. HP: 46/46 MP: 6/6
  2944 | D:3      | Noticed Natasha
  2964 | D:3      | Killed Natasha
  3361 | D:4      | Noticed Robin
  3443 | D:4      | Killed Robin
  3514 | D:4      | Found a staircase to the Ecumenical Temple.
  3746 | D:4      | Found a shattered altar of Ashenzari.
  3849 | D:4      | Reached ** piety under Trog
  3853 | D:4      | Reached skill level 5 in Long Blades
  3853 | D:4      | Reached XP level 7. HP: 52/52 MP: 7/7
  3900 | D:4      | Noticed Crazy Yiuf
  3910 | D:4      | Killed Crazy Yiuf
  3910 | D:4      | Reached skill level 7 in Dodging
  4076 | D:5      | Entered Level 5 of the Dungeon
  4576 | D:5      | Noticed a hippogriff
  4592 | D:5      | Killed a hippogriff
  4592 | D:5      | Reached skill level 8 in Dodging
  4592 | D:5      | Reached skill level 5 in Stealth
  4592 | D:5      | Reached XP level 8. HP: 19/60 MP: 8/8
  4699 | D:5      | Found a shimmering altar of Xom.
  4900 | D:6      | Noticed Menkaure
  4907 | D:6      | Killed Menkaure
  4923 | D:6      | HP: 1/61 [black bear (5)]
  4924 | D:6      | Slain by a black bear

Skill      XL: |  1  2  3  4  5  6  7  8 |
---------------+-------------------------+-----
Stealth        | 1 2 3 5 |  5.4
Dodging        | 5 6 8 |  8.7
Long Blades    | 4 5 6 |  6.3
Fighting       | 3 4 |  4.5
Throwing       | |  2.0

Action                   |  1- 3 |  4- 6 |  7- 9 || total
-------------------------+-------+-------+-------++-------
Melee: Long sword        |    96 |   210 |   143 ||   449
  Use: Potion            |       |     1 |     1 ||     2
       Scroll            |       |    10 |     1 ||    11
 Stab: Sleeping          |     2 |     5 |     1 ||     8
  Eat: Bread ration      |     1 |     2 |       ||     3
Armor: Leather armour    |    33 |    64 |    30 ||   127
Dodge: Dodged            |    96 |   206 |   129 ||   431
